 Dungeon Crawl Stone Soup version 0.29.0-15-g675c0067aa (webtiles) character file.

Game seed: 10570623456894781573

12490 unlimited1921 the Thaumaturge (level 12, 0/72 HPs)
             Began as a Djinni Fire Elementalist on Sept 11, 2022.
             Was an Initiate of Gozag.
             Slain by an unseen horror (9 damage)
             ... on level 12 of the Dungeon.
             The game lasted 01:26:02 (21676 turns).

unlimited1921 the Thaumaturge (DjFE)               Turns: 21676, Time: 01:26:03

Health: 0/72       AC: 12    Str: 13    XL:     12   Next: 20%
Gold:   1353       EV: 12    Int: 22    God:    Gozag SH:  5 Dex: 12

rFire   + + +      SeeInvis .   T - +6 broad axe (venom)
rCold   x . .      Faith    .   (no shield)
rNeg    . . .      Spirit   .   X - +4 ring mail "Efyb" {rF+}
rPois   ∞          Reflect  +   (helmet restricted)
rElec   .          Harm     .   L - scarf {repulsion}
rCorr   +          Rampage  .   c - +1 pair of gloves
Will    +....                   (boots unavailable)
Stlth   ++........              K - amulet of reflection
HPRegen 0.22/turn               f - ring of resist corrosion
MPRegen 0.00/turn               j - +6 ring of strength

@: flying, repel missiles
A: sickness immunity, fire resistance 2, cold vulnerability 1, float, innate
caster, HP casting, extra vitality 1, horns 1, clumsy 1, noise suppression
a: Renounce Religion, Potion Petition, Call Merchant, Bribe Branch


You were on level 12 of the Dungeon.
You worshipped Gozag.
Gozag was most pleased with you.
You visited 3 branches of the dungeon, and saw 15 of its levels.

You collected 1982 gold pieces.
You spent 588 gold pieces at shops.
You paid 41 gold pieces to Gozag.

Inventory:

Hand Weapons
 A - a +2 short sword of protection
 J - a +0 rapier of electrocution
 T - a +6 broad axe of venom (weapon)
 W - the +8 dagger of Huyru {speed, Will+}
   (You found it on level 7 of the Dungeon)

   Attacks with this weapon are significantly faster.
   Will:      It increases your willpower.
Missiles
 m - 94 stones
 q - 13 boomerangs
 B - 3 boomerangs of dispersal (quivered)
 G - 2 throwing nets
 M - 30 poisoned darts
 N - a curare-tipped dart
Armour
 a - a scarf of resistance
 c - a +1 pair of gloves (worn)
 x - a +0 helmet
 F - a +2 robe of cold resistance
 L - a scarf of repulsion (worn)
 X - the +4 ring mail "Efyb" (worn) {rF+}
   (You bought it in a shop on level 3 of the Dungeon)

   rF:        It protects you from fire.
Jewellery
 f - a ring of resist corrosion (left hand)
 j - a +6 ring of strength (right hand)
 K - an amulet of reflection (around neck)
Wands
 d - a wand of mindburst (7)
 t - a wand of digging (21)
 O - a wand of charming (25)
 R - a wand of roots (15)
 S - a wand of flame (69)
 V - a wand of polymorph (10)
Scrolls
 i - 3 scrolls of teleportation
 k - 2 scrolls of fear
 l - 2 scrolls of immolation
 p - 2 scrolls of enchant weapon {unknown}
 u - 2 scrolls of magic mapping {unknown}
 v - 2 scrolls of poison {unknown}
 w - 3 scrolls of enchant armour
 y - 4 scrolls of fog
 D - 2 scrolls of noise {unknown}
Potions
 b - a potion of brilliance
 e - 3 potions of flight {unknown}
 g - a potion of ambrosia
 h - 9 potions of curing
 o - a potion of attraction
 I - 2 potions of heal wounds {unknown}
 P - a potion of cancellation
Miscellaneous
 r - a condenser vane


   Skills:
 + Level 1.1 Fighting
 + Level 6.0 Armour
 + Level 4.3 Dodging
 + Level 3.5 Stealth
 + Level 0.9 Shields
 + Level 13.2 Spellcasting
 * Level 1.0 Evocations


You had 11 spell levels left.
You knew the following spells:

 Your Spells              Type           Power      Damage    Failure   Level
a - Foxfire               Conj/Fire      100%       2x1d9     1%          1
b - Scorch                Fire           100%       2d10      1%          2
c - Conjure Flame         Conj/Fire      64%        6-21      1%          3
d - Inner Flame           Hex/Fire       64%        N/A       1%          3
e - Flame Wave            Conj/Fire      64%        2d15      1%          4
f - Summon Small Mammal   Summ           100%       N/A       1%          1
g - Blink                 Tloc           100%       N/A       1%          2
h - Searing Ray           Conj           100%       2d8       1%          2
i - Summon Guardian Gole  Hex/Summ       64%        N/A       1%          3
j - Yara's Violent Unrav  Hex/Tmut       32%        3d13      1%          5
Your spell library was empty.

Dungeon Overview and Level Annotations

Branches:
Dungeon (13/15)            Temple (1/1) D:5            Lair (1/5) D:10
    Orc (0/2) D:11
 Vaults: D:13-14

Altars:
Ashenzari
Cheibriados
Dithmenos
Elyvilon
Fedhas
Gozag
Hepliaklqana
Makhleb
Nemelex Xobeh
Okawaru
Qazlal
Ru
Trog
Uskayaw
Wu Jian
Xom
Yredelemnul
Zin
The Shining One

Shops:
D:2 (   D:3 *

Portals:
Trove: D:11 (show slimy rune of Zot)

Annotations:
D:6 2 transporters, baller8008's ghost, novice HOFi
D:13 Rupert


Innate Abilities, Weirdness & Mutations

You are immune to sickness and miasma.
You are immune to poison.
Your flesh is very heat resistant. (rF++)
You are vulnerable to cold. (rC-)
You float through the air rather than walking.
You learn spells naturally, not from books.
Your magical power is your life essence.
You have superior vitality. (+4 MHP)
You have a pair of small horns on your head.
You are clumsy. (Dex -2)
You passively dampen the noise of your surroundings.


Message History

Casting: Summon Guardian Golem (safe; 1% risk of failure)
Confirm with . or Enter, or press ? or * to list all spells.
Aiming: Inner Flame (safe; 1% risk of failure)
Press: ? - help, Dir - move target, f - cyclops
Aim: a cyclops, quivering large rocks (chance to affect: 89%)
The cyclops is filled with an intense inner flame!
The cyclops throws a large rock.
The large rock hits you!!
* * * LOW HITPOINT WARNING * * *
The cyclops throws a large rock.
The large rock completely misses you.
You fly downwards.
Your summoned ally is left behind.
There is a stone staircase leading up here.
You start resting.
Something hits you but does no damage.
Deactivating autopickup; reactivate with Ctrl-A.
Casting: Inner Flame (safe; 1% risk of failure)
Confirm with . or Enter, or press ? or * to list all spells.
A guardian golem appears, shielding your allies.
* * * LOW HITPOINT WARNING * * *
Something hits your guardian golem but does no damage.
Something hits your guardian golem. Something hits your guardian golem.
Something hits your guardian golem! x2
Something hits your guardian golem.
You see here a +0 spear.
Something hits your guardian golem but does no damage.
You see here a +0 flail.
You see here a +0 flail.
Something hits your guardian golem but does no damage. x2
You see here a +0 halberd.
Something hits your guardian golem!
Something hits your guardian golem but does no damage.
There is a stone staircase leading down here.
Something hits your guardian golem.
Something hits your guardian golem but does no damage.
Something barely misses your guardian golem.
Something hits your guardian golem.
Something hits your guardian golem but does no damage.
Something hits your guardian golem. Something hits your guardian golem. x2
Something hits you!
You die...
Your body crumbles into a pile of gold.

#.# #.# #.# #.. #.# #.#
#.# #.# #.# #.# #####
#.# #.# #.# #...# #.#
#.# #.# #.#.# #.# #.#
#.# #.#.# #.#
#.#####.##### #.#.# #.#
#.....@.....# #.#.# #.#
#######{###.###.#.###.#
#####9..............#
.........#######.###.#
########.# #...[..) #.#
#)###### #>## #.#
#.#)## #.#
##.###)####.#


You could see a friendly guardian golem (summoned).

Vanquished Creatures
  2 centaur warriors (D:9)
  A two-headed ogre (D:11)
  Pikel (D:5)
  Maurice (D:8)
  A gargoyle (D:10)
  Maggie (D:7)
  A kobold demonologist (D:12)
  Psyche (D:10)
  A komodo dragon (D:12)
  2 trolls
  A tengu conjurer (D:9)
  Grinder (D:4)
  Sigmund (D:6)
  A vampire (D:10)
  4 yaks (D:10)
  A wraith (D:9)
  Eustachio (D:5)
  2 vampire mosquitoes (D:11)
  3 steam dragons
  Menkaure (D:4)
  An acid dragon (D:9)
  4 water moccasins
  An orc warrior (D:9)
  4 black bears
  4 ogres
  9 centaurs
  A phantom (D:6)
  A lemure (D:5)
  3 kobold brigands
  3 bullfrogs
  3 necrophages
  A gnoll sergeant (D:12)
  A scorpion (D:10)
  4 wights (D:7)
  A killer bee (D:10)
  3 howler monkeys (D:7)
  5 hounds
  A human zombie (D:4)
  2 jellies (D:4)
  5 orc priests
  Crazy Yiuf (D:3)
  Jessica (D:3)
  4 iguanas (D:6)
  13 orc wizards
  A gnoll bouda (D:7)
  A hell rat (Lair:1)
  A scorpion zombie (D:4)
  3 hound zombies (D:4)
  Robin (D:4)
  4 mummies (D:4)
  9 adders
  11 gnolls
  A shadow imp (D:6)
  An adder zombie (D:4)
  A worm (D:2)
  3 dart slugs
  37 orcs
  8 bats
  6 endoplasms
  A giant cockroach (D:3)
  14 goblins
  15 hobgoblins
  3 jackals (D:1)
  9 quokkas
  8 ball pythons
  3 frilled lizards (D:1)
  25 kobolds
  5 rats
275 creatures vanquished.

Vanquished Creatures (collateral kills)
  2 foxfires (D:10)
2 creatures vanquished.

Vanquished Creatures (others)
  A hydra (D:10)
  A centaur warrior (D:9)
  654 foxfires
  38 fungi (D:10)
  45 plants
739 creatures vanquished.

Grand Total: 1016 creatures vanquished

Notes
Turn   | Place    | Note
-------+----------+-------------------------------------------
     0 | D:1      | unlimited1921 the Djinni Fire Elementalist began the quest
                  | for the Orb.
     0 | D:1      | unlimited1921 set off with the following spells memorised:
                  | Foxfire, Scorch, Conjure Flame, Inner Flame, Flame Wave.
     0 | D:1      | Reached XP level 1. HP: 15/15 MP: 0/0
   183 | D:1      | Reached XP level 2. HP: 19/21 MP: 0/0
  1425 | D:1      | Reached skill level 3 in Spellcasting
  1915 | D:1      | Reached XP level 3. HP: 23/25 MP: 0/0
  1915 | D:1      | Learned a level 1 spell: Summon Small Mammal
  3322 | D:2      | Found a faded altar of an unknown god.
  3337 | D:2      | Found an iron altar of Okawaru.
  3345 | D:2      | Reached XP level 4. HP: 27/31 MP: 0/0
  3383 | D:2      | Found Koheics's Weapon Shop.
  4363 | D:3      | Noticed Jessica
  4365 | D:3      | Killed Jessica
  4366 | D:3      | Reached skill level 4 in Spellcasting
  4366 | D:3      | Reached XP level 5. HP: 16/35 MP: 0/0
  4366 | D:3      | Learned a level 2 spell: Blink
  4570 | D:3      | Found Inleat's General Store.
  4615 | D:3      | Bought a potion of degeneration for 14 gold pieces
  5442 | D:3      | Found a runed translucent door.
  5443 | D:3      | Noticed Crazy Yiuf
  6230 | D:4      | Noticed Menkaure
  6232 | D:4      | Reached XP level 6. HP: 37/40 MP: 0/0
  6234 | D:4      | Killed Menkaure
  6235 | D:4      | Reached skill level 1 in Armour
  6237 | D:4      | Reached skill level 5 in Spellcasting
  6730 | D:5      | Entered Level 5 of the Dungeon
  6730 | D:5      | Found a staircase to the Ecumenical Temple.
  6732 | D:5      | Noticed a black bear
  6736 | Temple   | Entered the Ecumenical Temple
  6814 | Temple   | Became a worshipper of Gozag Ym Sagoz the Greedy
  7036 | D:4      | Reached XP level 7. HP: 41/45 MP: 0/0
  7036 | D:4      | Learned a level 2 spell: Searing Ray
  7103 | D:4      | Noticed Robin
  7104 | D:4      | Noticed Grinder
  7110 | D:4      | Killed Grinder
  7111 | D:4      | Reached skill level 6 in Spellcasting
  7132 | D:4      | Killed Robin
  7463 | D:4      | Reached XP level 8. HP: 46/50 MP: 0/0
  9251 | D:4      | Found a sparkling altar of Nemelex Xobeh.
 10159 | D:4      | Reached skill level 7 in Spellcasting
 10877 | D:5      | Reached XP level 9. HP: 44/56 MP: 0/0
 10877 | D:5      | Learned a level 3 spell: Summon Guardian Golem
 11059 | D:5      | Noticed Eustachio
 11076 | D:5      | Killed Eustachio
 11077 | D:5      | Reached skill level 8 in Spellcasting
 11451 | D:5      | Found a glowing silver altar of Zin.
 11658 | D:5      | Noticed Pikel
 11662 | D:5      | Killed Pikel
 11844 | D:5      | Found a shadowy altar of Dithmenos.
 11844 | D:5      | Found a snail-covered altar of Cheibriados.
 12224 | D:6      | Found a transporter.
 12224 | D:6      | Noticed baller8008's ghost (novice HOFi)
 12225 | D:6      | Noticed a manticore
 12670 | D:6      | Reached skill level 9 in Spellcasting
 12938 | D:6      | Found a burning altar of Makhleb.
 13019 | D:6      | Noticed Sigmund
 13024 | D:6      | Killed Sigmund
 13037 | D:6      | Reached XP level 10. HP: 41/61 MP: 0/0
 13677 | D:6      | Found a transporter.
 14399 | D:7      | Noticed Maggie
 14406 | D:7      | Killed Maggie
 14407 | D:7      | Reached skill level 10 in Spellcasting
 14725 | D:7      | Found an iron altar of Okawaru.
 14939 | D:7      | Identified the +8 dagger of Huyru {speed, Will+}
 14999 | D:7      | Found a glowing golden altar of the Shining One.
 15087 | D:7      | Found a hide-covered altar of Uskayaw.
 15393 | D:3      | Bought a potion of curing for 42 gold pieces
 15393 | D:3      | Bought the +4 ring mail "Efyb" {rF+} for 532 gold pieces
 15655 | D:3      | Killed Crazy Yiuf
 15913 | D:8      | Noticed Maurice
 15922 | D:8      | Killed Maurice
 16868 | D:9      | Noticed a centaur warrior
 16871 | D:9      | Killed a centaur warrior
 16872 | D:9      | Reached skill level 11 in Spellcasting
 17119 | D:9      | Reached XP level 11. HP: 56/66 MP: 0/0
 17119 | D:9      | Learned a level 5 spell: Yara's Violent Unravelling
 17132 | D:9      | Reached skill level 5 in Armour
 17384 | D:9      | Noticed a centaur warrior
 17422 | D:9      | Killed a centaur warrior
 17495 | D:9      | Noticed a centaur warrior
 17518 | D:9      | Killed a centaur warrior
 17617 | D:9      | Reached skill level 12 in Spellcasting
 18287 | D:10     | Entered Level 10 of the Dungeon
 18312 | D:10     | Noticed Psyche
 18319 | D:10     | Killed Psyche
 18680 | D:10     | Reached skill level 1 in Fighting
 19051 | D:10     | Found a staircase to the Lair.
 19894 | Lair:1   | Entered Level 1 of the Lair of Beasts
 20172 | D:11     | Noticed a seven-headed hydra
 20187 | D:10     | Killed a seven-headed hydra
 20442 | D:11     | Reached XP level 12. HP: 40/72 MP: 0/0
 20637 | D:11     | Found a portal to a secret trove of treasure.
 20687 | D:11     | Found a staircase to the Orcish Mines.
 20713 | D:11     | Noticed a two-headed ogre
 20719 | D:11     | Killed a two-headed ogre
 20720 | D:11     | Reached skill level 13 in Spellcasting
 20944 | D:11     | Gained mutation: You do not regenerate when monsters are
                  | visible. [potion of mutation]
 20944 | D:11     | Gained mutation: Your spells are a little easier to cast,
                  | but a little less powerful. [potion of mutation]
 20944 | D:11     | Gained mutation: You are frail. (-10% HP) [potion of
                  | mutation]
 20945 | D:11     | Lost mutation: Your spells are a little easier to cast, but
                  | a little less powerful. [potion of mutation]
 20945 | D:11     | Lost mutation: You do not regenerate when monsters are
                  | visible. [potion of mutation]
 20945 | D:11     | Lost mutation: You are frail. (-10% HP) [potion of
                  | mutation]
 20945 | D:11     | Gained mutation: You occasionally lose the ability to read
                  | scrolls when taking damage. [potion of mutation]
 20945 | D:11     | Gained mutation: You are partially covered in large bone
                  | plates. (SH +4) [potion of mutation]
 20978 | D:11     | Lost mutation: You are partially covered in large bone
                  | plates. (SH +4) [potion of mutation]
 20978 | D:11     | Lost mutation: You occasionally lose the ability to read
                  | scrolls when taking damage. [potion of mutation]
 20978 | D:11     | Gained mutation: You have a beak for a mouth. [potion of
                  | mutation]
 20978 | D:11     | Gained mutation: You are frail. (-10% HP) [potion of
                  | mutation]
 20978 | D:11     | Gained mutation: You have a pair of small horns on your
                  | head. [potion of mutation]
 20978 | D:11     | Gained mutation: Your movements are slightly less
                  | encumbered by armour. (ER -2) [potion of mutation]
 20990 | D:11     | Lost mutation: You have a beak for a mouth. [potion of
                  | mutation]
 20990 | D:11     | Lost mutation: Your movements are slightly less encumbered
                  | by armour. (ER -2) [potion of mutation]
 20990 | D:11     | Lost mutation: You are frail. (-10% HP) [potion of
                  | mutation]
 20990 | D:11     | Gained mutation: You are clumsy. (Dex -2) [potion of
                  | mutation]
 20990 | D:11     | Gained mutation: You passively dampen the noise of your
                  | surroundings. [potion of mutation]
 21552 | D:13     | Noticed Rupert
 21553 | D:13     | Reached skill level 1 in Evocations
 21676 | D:12     | Slain by an unseen horror

Illustrated notes

Levels and vault maps discovered:
D:1:      sevenhm_arrival_forest_fort_small_6, layout_loops_corners
D:2:      layout_rooms, basic_altar, serial_shops, shop,
          chequers_ecumenical_altar_grove
D:3:      layout_loops_ring, serial_shops, nicolae_shop_crystal,
          amcnicky_mini_corridor_feature, uniq_crazy_yiuf_cottage, uniq_jessica
D:4:      minmay_opposing_rooms, layout_basic, mainiacjoe_overflow_alcove_4,
          lemuel_mausoleum_altar_kikubaaqudgha, small_statue_intersection,
          kennysheep_cross_bottleneck, uniq_menkaure, uniq_robin, uniq_grinder
D:5:      layout_rooms, nicolae_overflow_crystal_walls,
          mainiacjoe_overflow_large_starburst, temple_fountains, uniq_pikel,
          uniq_eustachio
D:6:      layout_cave_pods, bloody_makhleb, gammafunk_ghost_arena,
          minmay_a_box_with_orc_wizards_in_it, uniq_sigmund
D:7:      layout_basic, kennysheep_little_box, tso_oasis_becter,
          mainiacjoe_overflow_alcove_2, uniq_maggie
D:8:      layout_basic, hex_intersection, uniq_maurice
D:9:      minmay_diamond_stairs, layout_rooms
D:10:     layout_loops_ring, due_lair_maze_entry_diamond, enter_bailey_4,
          uniq_psyche
D:11:     layout_loops_ring, orc_0_dummy, special_room [special_room_bee],
          enter_trove_2, grunt_qazlal_sundering
D:12:     layout_loops_ring, minmay_misc_feat_rows
D:13:     layout_cave_pools, david_vaults_4, minmay_liquid_box, uniq_erolcha,
          uniq_azrael, uniq_rupert
Temple:   nicolae_temple_figure_eight
Lair:1:   layout_misc_corridors, chequers_serial_rivers_small_a,
          grunt_megastairs_4

Skill      XL: |  1  2  3  4  5  6  7  8  9 10 11 12 |
---------------+-------------------------------------+-----
Spellcasting   | 3 4 5 6 7 9 11 12 13 | 13.2
Stealth        | 2 3 |  3.5
Armour         | 1 2 3 4 5 6 |  6.0
Dodging        | 3 4 |  4.3
Fighting       | 1 |  1.1
Evocations     | 1 |  1.0
Shields        | |  0.9

Action                   |  1- 3 |  4- 6 |  7- 9 | 10-12 || total
-------------------------+-------+-------+-------+-------++-------
Melee: Dagger            |       |       |     1 |       ||     1
       Short sword       |       |       |       |    15 ||    15
       Punch             |       |       |       |     1 ||     1
 Cast: Foxfire           |    56 |    76 |   132 |   136 ||   400
       Scorch            |     7 |    26 |    52 |    70 ||   155
       Summon Small Mamm |       |     1 |       |     6 ||     7
       Inner Flame       |       |     3 |    40 |    99 ||   142
       Flame Wave        |       |       |     5 |       ||     5
       Summon Guardian G |       |       |     3 |    35 ||    38
       Searing Ray       |       |       |       |     1 ||     1
       Conjure Flame     |       |       |       |     1 ||     1
  Use: Scroll            |       |       |       |    12 ||    12
       Potion            |       |       |       |     4 ||     4
Armor: Robe              |     1 |     1 |       |       ||     2
       Leather armour    |       |     1 |     6 |     1 ||     8
       Ring mail         |       |       |       |    23 ||    23
Dodge: Dodged            |     2 |     6 |    34 |    39 ||    81
Block: Other             |       |       |       |    19 ||    19
       Reflection        |       |       |       |     5 ||     5
